 Dungeon Sprint DCSS version 0.25.1-2-g60ff931df9 (webtiles) character file.

Game seed: 12937886819210303352

1757059 Cadaver the Conqueror (level 23, 157/157 HPs)
             Began as a Gargoyle Gladiator on Dec 6, 2020.
             Was a High Priest of Okawaru.
             Escaped with the Orb
             ... and 2 runes!
             The game lasted 02:11:44 (22851 turns).

Cadaver the Conqueror (Gargoyle Gladiator)         Turns: 22851, Time: 02:11:44

Health: 157/157    AC: 59    Str: 35    XL:     23   Next: 38%
Magic:  51/52      EV: 31    Int: 14    God:    Okawaru [*****.]
Gold:   149        SH: 22    Dex: 31    Spells: 36/72 levels left

rFire    + + +     SeeInvis .   X - staff of earth
rCold    + . .     Gourm    .   a - +1 kite shield {reflect}
rNeg     + + .     Faith    .   G - +11 gold dragon scales
rPois    ∞         Spirit   .   t - +2 hat "Imogy" {rN+ Str+9 Dex+2 Stlth-}
rElec    +         Reflect  +   s - scarf {rC+ rF+}
rCorr    .         Harm     .   l - +2 pair of gloves {Dex+3}
MR       +++..     NoTele   +   p - +2 pair of boots {Fly}
Stlth    ..........             L - amulet "Muwk" {Acrobat Fragile rElec Int+4 Dex+6}
HPRegen  0.36/turn              A - ring "Eschu" {MR+ Slay+5}
MPRegen  0.33/turn              Q - ring of Liegoal {rC+ Str+4 Dex+6 Slay+2}

@: immune to fire clouds (expiring), finesse, flying
A: big wings, blurry vision 1, deformed body, dopey 1, frail 1, magic resistance
1, negative energy resistance 1, screaming 2, electricity resistance,
unbreathing, petrification resistance, rot immunity, subdued magic 1, AC +17
0: Orb of Zot
}: 2/3 runes: silver, iron
a: Stop Flying, Heroism, Finesse, Renounce Religion


You escaped.
You worshipped Okawaru.
Okawaru was extremely pleased with you.
You were not hungry.

You visited 1 branch You collected 149 gold pieces.

Inventory:

Hand Weapons
 c - a +4 quarterstaff of speed
 m - the +7 lajatang "Tentadonu" {freeze, Int+2}
   (Okawaru gifted it to you in the Dungeon)

   It has been specially enchanted to freeze those struck by it, causing extra
   injury to most foes and up to half again as much damage against particularly
   susceptible opponents.
   It can also slow down cold-blooded creatures.
   It affects your intelligence (+2).
 r - the +1 quarterstaff of Honour {flame, rN+ MR+ Str+3 Dex-4, unknown}
   (Okawaru gifted it to you in the Dungeon)

   It has been specially enchanted to burn those struck by it, causing extra
   injury to most foes and up to half again as much damage against particularly
   susceptible opponents.
   It affects your strength (+3).
   It affects your dexterity (-4).
   It protects you from negative energy.
   It affects your resistance to hostile enchantments.
 H - a +0 sacred scourge of holy wrath
 S - the +4 staff of Dispater
   (You took it off Dispater in the Dungeon)
Missiles
 d - 2 throwing nets
 w - 15 silver javelins
 B - 4 boomerangs (quivered)
Armour
 a - a +1 kite shield of reflection (worn)
 l - a +2 pair of gloves of dexterity (worn)
 p - a +2 pair of boots of flying (worn)
 s - a scarf of resistance (worn)
 t - the +2 hat "Imogy" (worn) {rN+ Str+9 Dex+2 Stlth-}
   (Okawaru gifted it to you in the Dungeon)

   It affects your strength (+9).
   It affects your dexterity (+2).
   It protects you from negative energy.
   It makes you less stealthy.
 v - a scarf of invisibility
 C - a +2 pair of gloves of strength
 F - a +0 buckler of resistance
 G - +11 gold dragon scales (worn)
 N - the +4 dragonskin cloak
   (You took it off Tiamat in the Dungeon)
 P - a +2 helmet of see invisible
Magical Staves
 X - an uncursed staff of earth (weapon)
Jewellery
 z - the amulet of Contention {RegenMP rN+ Str+6 Dex+2}
   (You found it in the Dungeon)

   [amulet of magic regeneration]

   It increases your magic regeneration.
   It affects your strength (+6).
   It affects your dexterity (+2).
   It protects you from negative energy.
 A - the ring "Eschu" (left hand) {MR+ Slay+5}
   (You found it in the Dungeon)

   [ring of slaying]

   It affects your accuracy and damage with ranged weapons and melee attacks
   (+5).
   It affects your resistance to hostile enchantments.
 D - the amulet "Emiurriure" {MR++ Regen+}
   (You found it in the Dungeon)

   [amulet of regeneration]

   It affects your resistance to hostile enchantments.
   It increases your rate of regeneration.
 E - the ring "Moasoyto" {AC+6 Int+5}
   (You found it in the Dungeon)

   [ring of protection]

   It affects your AC (+6).
   It affects your intelligence (+5).
 L - the amulet "Muwk" (around neck) {Acrobat Fragile rElec Int+4 Dex+6}
   (You found it in the Dungeon)

   [amulet of the acrobat]

   It helps you evade while moving and waiting.
   It affects your intelligence (+4).
   It affects your dexterity (+6).
   It insulates you from electricity.
   It will be destroyed if unequipped.
 Q - the ring of Liegoal (right hand) {rC+ Str+4 Dex+6 Slay+2}
   (You found it in the Dungeon)

   [ring of dexterity]

   It affects your strength (+4).
   It affects your dexterity (+6).
   It affects your accuracy and damage with ranged weapons and melee attacks
   (+2).
   It protects you from cold.
 R - the amulet "Mulug" {rF+ Regen+}
   (You found it in the Dungeon)

   [amulet of regeneration]

   It protects you from fire.
   It increases your rate of regeneration.
 T - the amulet of Noimaah {RegenMP rC+}
   (You found it in the Dungeon)

   [amulet of magic regeneration]

   It increases your magic regeneration.
   It protects you from cold.
 U - the ring of Piwem {+Fly rN+}
   (You found it in the Dungeon)

   [ring of positive energy]

   It protects you from negative energy.
   It lets you fly.
 V - the ring "Ucec" {rElec rPois rCorr Stlth-}
   (You found it in the Dungeon)

   [ring of resist corrosion]

   It insulates you from electricity.
   It protects you from poison.
   It provides partial protection from all sources of acid and corrosion.
   It makes you less stealthy.
 Y - the ring "Gairafru" {rC+ MR+ Slay+5}
   (You found it in the Dungeon)

   [ring of protection from cold]

   It affects your accuracy and damage with ranged weapons and melee attacks
   (+5).
   It protects you from cold.
   It affects your resistance to hostile enchantments.
 Z - the ring "Lonianon" {rF+ rC+ Int+6}
   (You found it in the Dungeon)

   [ring of intelligence]

   It affects your intelligence (+6).
   It protects you from fire.
   It protects you from cold.
Wands
 b - a wand of digging (4)
 y - a wand of flame (11)
Scrolls
 k - a scroll of blinking
 n - 8 scrolls of remove curse
 q - 2 scrolls of vulnerability
 J - 9 scrolls of fear
 O - 2 scrolls of fog
Potions
 e - 12 potions of curing
 g - 7 potions of heal wounds
 h - 6 potions of haste
 i - 9 potions of magic
 j - a potion of berserk rage
 x - 2 potions of might
 I - 3 potions of brilliance
 K - 2 potions of resistance
Miscellaneous
 o - a lightning rod (4/4)
 u - a phantom mirror
 M - a phial of floods
 W - a tin of tremorstones (3/3)
Comestibles
 f - 6 rations


   Skills:
 O Level 27 Fighting
 + Level 25.9 Staves
 + Level 5.6 Throwing
 + Level 26.0 Armour
 + Level 24.0 Dodging
 + Level 7.9 Stealth
 + Level 26.1 Shields
 + Level 9.1 Unarmed Combat
 * Level 25.2 Spellcasting
 + Level 8.1 Conjurations
 + Level 23.2 Charms
 + Level 3.0 Summonings
 + Level 12.6 Translocations
 + Level 22.2 Fire Magic
 + Level 9.1 Air Magic
 O Level 27 Earth Magic
 - Level 21.6 Invocations
 O Level 27 Evocations


You had 36 spell levels left.
You knew the following spells:

 Your Spells              Type           Power        Failure   Level  Hunger
a - Blink                 Tloc           N/A          1%          2    None
b - Stone Arrow           Conj/Erth      ######       0%          3    None
c - Lee's Rapid Deconstr  Erth           #######...   0%          5    ##.....
d - Summon Butterflies    Summ           ###.....     2%          1    None
e - Bolt of Magma         Conj/Fire/Erth #######...   1%          5    ##.....
f - Swiftness             Chrm/Air       #####...     0%          2    None
g - Borgnjor's Vile Clut  Necr/Erth      ######....   1%          5    ##.....
h - Iron Shot             Conj/Erth      ######....   1%          6    ####...
i - Ring of Flames        Chrm/Fire      #######...   1%          7    ######.

Your spell library contained the following spells:

 Spells                   Type           Power        Failure   Level  Hunger
 Foxfire                  Conj/Fire      ####         0%          1    None
 Infusion                 Chrm           ####         0%          1    None
 Shroud of Golubria       Chrm/Tloc      ######       0%          2    None
 Song of Slaying          Chrm           ######..     0%          2    None
 Magic Dart               Conj           ####         1%          1    None
 Corpse Rot               Necr/Air       N/A          1%          2    None
 Passwall                 Tmut/Erth      ######..     1%          2    None
 Conjure Flame            Conj/Fire      ######..     1%          3    None
 Inner Flame              Hex/Fire       ######..     1%          3    None
 Mephitic Cloud           Conj/Pois/Air  ####....     1%          3    None
 Ozocubu's Armour         Chrm/Ice       #####...     1%          3    None
 Portal Projectile        Hex/Tloc       ####..       1%          3    None
 Spectral Weapon          Hex/Chrm       #####...     1%          3    None
 Leda's Liquefaction      Hex/Erth       ######....   1%          4    None
 Iskenderun's Battlesphe  Conj/Chrm      #####...     1%          5    ##.....
 Summon Small Mammal      Summ           ###.         2%          1    None
 Call Imp                 Summ           ###.....     3%          2    None
 Summon Lightning Spire   Summ/Air       ####....     7%          4    None
 Beastly Appendage        Tmut           ##....       8%          1    None
 Corona                   Hex            ##.....      8%          1    None
 Pain                     Necr           ##..         8%          1    None
 Summon Forest            Summ/Tloc      ####......   9%          5    ##.....
 Ensorcelled Hibernation  Hex/Ice        ##....       13%         2    None
 Slow                     Hex            ##......     13%         2    None
 Sticks to Snakes         Tmut           ##......     13%         2    None
 Shatter                  Erth           #######...   13%         9    #######
 Spider Form              Tmut/Pois      ##........   26%         3    None
 Vampiric Draining        Necr           ##........   26%         3    None
 Silence                  Hex/Air        ###.......   34%         5    ##.....
 Conjure Ball Lightning   Conj/Air       ####......   36%         6    ####...
 Summon Demon             Summ           ###.......   58%         5    ##.....
 Cause Fear               Hex            ##........   65%         4    None
 Ice Form                 Ice/Tmut       ##......     65%         4    None
 Summon Mana Viper        Hex/Summ       ###.....     80%         5    ##.....
 Blade Hands              Tmut           ##........   94%         5    ##.....
 Malign Gateway           Summ/Tloc      ####......   97%         7    ######.
 Shadow Creatures         Summ           N/A          99%         6    ####...
 Darkness                 Hex            ##........   100%        6    ####...
 Eringya's Noxious Bog    Tmut/Pois      ##........   100%        6    ####...
 Hydra Form               Tmut           ##........   100%        6    ####...
 Invisibility             Hex            ##......     100%        6    ####...
 Simulacrum               Ice/Necr       ##........   100%        6    ####...
 Dragon Form              Tmut           ##........   100%        7    ######.
 Monstrous Menagerie      Summ           ###.......   100%        7    ######.
 Summon Greater Demon     Summ           ###.......   100%        7    ######.
 Summon Hydra             Summ           ###.......   100%        7    ######.
 Summon Horrible Things   Summ           ###.......   100%        8    #######
 Dragon's Call            Summ           ###.......   100%        9    #######
 Tornado                  Air            ####......   100%        9    #######
 Passage of Golubria      Tloc           Unusable     N/A         4    N/A
 Statue Form              Tmut/Erth      Unusable     N/A         6    N/A
 Sublimation of Blood     Necr           Unusable     N/A         2    N/A

Dungeon Overview and Level Annotations

Branches:
Dungeon (1/1)

Altars:
Ashenzari
Cheibriados
Dithmenos
Elyvilon
Fedhas
Gozag
Hepliaklqana
Kikubaaqudgha
Makhleb
Nemelex Xobeh
Okawaru
Qazlal
Ru
Sif Muna
Trog
Uskayaw
Vehumet
Wu Jian
Xom
Yredelemnul
Zin
The Shining One
Beogh
Jiyva
Lugonu


Innate Abilities, Weirdness & Mutations

You are resistant to torment.
Your stone body is resilient. (AC +17)
You are immune to poison.
Your large and strong wings let you fly indefinitely.
You resist negative energy. (rN+)
You are resistant to electric shocks. (rElec)
You can survive without breathing.
You are immune to petrification.
You are immune to rotting.
Scrolls take you a little longer to read.
Armour fits poorly on your strangely shaped body.
You are dopey. (Int -2)
You are frail. (-10% HP)
You are resistant to hostile enchantments. (MR+)
You sometimes yell uncontrollably at your foes.
Your spells are a little easier to cast, but a little less powerful.


Message History

You destroy the small abomination!
Okawaru accepts your kill.
Things that are here:
a +0 war axe; an arrow You see here an arrow.
Casting: Ring of Flames (mildly dangerous; 1% risk of failure)
Confirm with . or Enter, or press ? or * to list all spells.
The air around you leaps into flame!
You see here an arrow.
There is a huge open gate to the Grid Vault (Hard) here.
You see here an arrow.
There is a huge open gate to the Grid Vault (Hard) here.
Things that are here:
a +0 giant spiked club; a +0 giant club
There is an open door to the Entrance Hall (Safe), spattered with blood here.
You see here an arrow.
Your ring of flames is guttering out.
There is a staircase leading out of the dungeon here.
You can't go down here!
You have escaped!

##########)##[...............''..
#)"....:))))'))..)...........''..
#'#####'#####[.....#..#......##..
#.#..#...'.##..°..)..(.).....##..
#.#..#...#.#####(#####'(#########
#.#..#####.##..°....##''# ##### #
#.#..'...#.##....☼..##.(###.(.###
#.#..'...'.##..○☼○..##...##[(.##.
#.#..########..○@°..###.(.##'##[.
#.#..'.).).##..☼○○..# ##.(.))....
#.#..#[))).##.......###..###)###.
#)###########.......##..##...[.##
#..)....#..###########.('.......)
#[.#.#..#.############..##.....##
#.##.##.#.#....#..[.###..###'###.
#.......#)#....#...[# ##(.(.(....
#.##.##.#.'....'..))###...##'##..


There were no monsters in sight!

Vanquished Creatures
  Ignacio (D)
  Mnoleg (D)
  Tiamat (D)
  Dispater (D)
  10 pandemonium lords (D)
  Mara (D)
  8 orbs of fire (D)
  Khufu (D)
  Mennas (D)
  5 greater mummies (D)
  Boris (D)
  2 Killer Klowns (D)
  the Lernaean hydra (D)
  Frederick (D)
  Margery (D)
  A curse toe (D)
  A golden dragon (D)
  2 pearl dragons (D)
  2 bone dragons (D)
  Jory (D)
  Nikola (D)
  A Tzitzimitl (D)
  5 liches (D)
  5 Brimstone Fiends (D)
  2 tentacled monstrosities (D)
  3 Hell Sentinels (D)
  8 Ice Fiends (D)
  3 hellephants (D)
  3 titans (D)
  26 Orb Guardians (D)
  2 quicksilver dragons (D)
  4 Executioners (D)
  An eldritch tentacle (D)
  3 sphinxes (D)
  5 deep elf master archers (D)
  4 acid blobs (D)
  2 deep elf blademasters (D)
  Gastronok (D)
  2 storm dragons (D)
  4 shadow dragons (D)
  A draconian monk (D)
  A daeva (D)
  2 nagarajas (D)
  3 azure jellies (D)
  3 fire giants (D)
  2 deep elf sorcerers (D)
  2 iron dragons (D)
  4 frost giants (D)
  A cacodemon (D)
  3 emperor scorpions (D)
  2 ghost moths (D)
  3 orc warlords (D)
  Louise (D)
  4 draconian knights (D)
  A draconian scorcher (D)
  3 draconian stormcallers (D)
  4 draconian annihilators (D)
  2 war gargoyles (D)
  An apis (D)
  4 stone giants (D)
  An ophan (D)
  A spriggan defender (D)
  A reaper (D)
  3 deep elf demonologists (D)
  2 death oozes (D)
  4 yellow draconians (D)
  2 dire elephants (D)
  A lorocyproca (D)
  A minotaur (D)
  A white draconian (D)
  3 black draconians (D)
  3 red draconians (D)
  4 purple draconians (D)
  2 deep elf annihilators (D)
  5 ettins (D)
  5 green deaths (D)
  2 deep elf death magi (D)
  2 blizzard demons (D)
  3 deep elf high priests (D)
  An eidolon (D)
  4 ogre magi (D)
  4 fire dragons (D)
  2 yaktaur captains (D)
  7 naga warriors (D)
  A rakshasa (D)
  3 vault guards (D)
  A hell beast (D)
  2 hydras (D)
  2 ice dragons (D)
  An iron elemental (D)
  2 centaur warriors (D)
  A merfolk avatar (D)
  A dancing weapon (D)
  6 death knights (D)
  10 two-headed ogres (D)
  2 spriggan berserkers (D)
  3 death yaks (D)
  2 vampire magi (D)
  2 soul eaters (D)
  3 fire crabs (D)
  A deep elf knight (D)
  A sun demon (D)
  A shadow wraith (D)
  2 sixfirhies (D)
  3 iron trolls (D)
  11 hell knights (D)
  A cherub (D)
  A swamp dragon (D)
  10 deep trolls (D)
  An unseen horror (D)
  A spriggan druid (D)
  2 sea snakes (D)
  A flayed ghost (D)
  2 wizards (D)
  13 orc knights (D)
  A naga ritualist (D)
  A lindwurm (D)
  4 necromancers (D)
  A manticore (D)
  An orc sorcerer (D)
  A wolf spider (shapeshifter) (D)
  A wolf spider (D)
  3 deep elf magi (D)
  7 cyclopes (D)
  An ugly thing (D)
  A salamander (D)
  A moth of wrath (D)
  A rust devil (D)
  2 smoke demons (D)
  A molten gargoyle (D)
  A gargoyle (D)
  A guardian serpent (D)
  2 orange demons (D)
  3 naga magi (D)
  A kobold demonologist (D)
  A komodo dragon (D)
  6 yaktaurs (D)
  A demonic crawler (D)
  A tormentor (D)
  2 hellions (D)
  3 ice devils (D)
  A wandering mushroom (D)
  2 jumping spiders (D)
  2 polar bears (D)
  15 trolls (D)
  A hornet (D)
  5 dream sheep (D)
  A snapping turtle (D)
  An air elemental (D)
  A redback (D)
  A tarantella (D)
  A water elemental (D)
  3 wyverns (D)
  A basilisk (D)
  A fire bat (D)
  A golden eye (D)
  3 yaks (D)
  A human (shapeshifter) (D)
  A small abomination (D)
  A chaos spawn (D)
  7 vampire mosquitoes (D)
  3 wargs (D)
  A swamp worm (shapeshifter) (D)
  A naga (D)
  2 floating eyes (D)
  A swamp drake (D)
  8 orc warriors (D)
  4 ogres (D)
  An eye of draining (D)
  3 centaurs (D)
  A bullfrog (D)
  An earth elemental (D)
  3 killer bees (D)
  A crimson imp (D)
  A jelly (D)
  A quasit (D)
  Crazy Yiuf (D)
  A gnoll shaman (D)
  3 orc wizards (D)
  A hound (D)
  Ijyb (D)
  Terence (D)
  A hell rat (D)
  A white imp (D)
  An ufetubus (D)
  3 oozes (D)
  4 adder skeletons (D)
  An adder zombie (D)
  A leopard gecko (D)
  7 orcs (D)
  4 bat skeletons (D)
  2 bat zombies (D)
  A hobgoblin (D)
  A ball python skeleton (D)
  A giant cockroach simulacrum (D)
  A goblin (D)
  A quokka simulacrum (D)
  A rat (D)
502 creatures vanquished.

Notes
Turn   | Place    | Note
-------+----------+-------------------------------------------
     0 | D        | Cadaver the Gargoyle Gladiator began the quest for the Orb.
     0 | D        | Reached XP level 1. HP: 12/12 MP: 1/1
    46 | D        | Found a glowing golden altar of the Shining One.
    46 | D        | Found a glowing silver altar of Zin.
    46 | D        | Found a basalt altar of Yredelemnul.
    46 | D        | Found a shimmering altar of Xom.
    46 | D        | Found an ornate altar of the Wu Jian Council.
    46 | D        | Found a bloodstained altar of Trog.
    46 | D        | Found a shimmering blue altar of Sif Muna.
    46 | D        | Found a sacrificial altar of Ru.
    46 | D        | Found a stormy altar of Qazlal.
    46 | D        | Found an iron altar of Okawaru.
    46 | D        | Found a sparkling altar of Nemelex Xobeh.
    46 | D        | Found a burning altar of Makhleb.
    46 | D        | Found a viscous altar of Jiyva.
    46 | D        | Found a hazy altar of Hepliaklqana.
    46 | D        | Found an opulent altar of Gozag.
    46 | D        | Found a blossoming altar of Fedhas.
    46 | D        | Found a white marble altar of Elyvilon.
    46 | D        | Found a shadowy altar of Dithmenos.
    46 | D        | Found a snail-covered altar of Cheibriados.
    47 | D        | Found a radiant altar of Vehumet.
    47 | D        | Found a corrupted altar of Lugonu.
    47 | D        | Found a roughly hewn altar of Beogh.
    48 | D        | Found an ancient bone altar of Kikubaaqudgha.
    48 | D        | Found a hide-covered altar of Uskayaw.
    48 | D        | Found a shattered altar of Ashenzari.
    52 | D        | Became a worshipper of Warmaster Okawaru
    62 | D        | Noticed a floating eye
    67 | D        | Killed a floating eye
    67 | D        | Reached * piety under Okawaru
    67 | D        | Reached ** piety under Okawaru
    67 | D        | Reached skill level 1 in Armour
    67 | D        | Reached XP level 2. HP: 20/20 MP: 2/2
    67 | D        | Reached XP level 3. HP: 24/24 MP: 3/3
    67 | D        | Reached XP level 4. HP: 30/30 MP: 4/4
   117 | D        | Noticed Crazy Yiuf
   130 | D        | Killed Crazy Yiuf
   130 | D        | Reached XP level 5. HP: 23/34 MP: 2/5
   318 | D        | Reached skill level 5 in Fighting
   318 | D        | Reached skill level 10 in Staves
   321 | D        | Reached skill level 1 in Invocations
   321 | D        | Reached XP level 6. HP: 40/40 MP: 3/6
   392 | D        | Noticed Ijyb
   403 | D        | Killed Ijyb
   413 | D        | Noticed an ice devil
   428 | D        | Killed an ice devil
   428 | D        | Reached XP level 7. HP: 25/47 MP: 4/8
   580 | D        | Paralysed by a floating eye for 4 turns
   589 | D        | Paralysed by a floating eye for 2 turns
   606 | D        | Noticed Terence
   606 | D        | Noticed a wyvern
   625 | D        | Killed a wyvern
   625 | D        | Reached XP level 8. HP: 34/53 MP: 7/10
   633 | D        | Killed Terence
   655 | D        | Noticed a deep elf mage
   668 | D        | Killed a deep elf mage
   668 | D        | Reached *** piety under Okawaru
   668 | D        | Reached skill level 15 in Staves
   668 | D        | Reached skill level 5 in Armour
   819 | D        | Killed an unseen horror
   819 | D        | Reached **** piety under Okawaru
   819 | D        | Reached XP level 9. HP: 47/60 MP: 12/12
   906 | D        | Noticed a smoke demon
   912 | D        | Killed a smoke demon
   912 | D        | Reached skill level 5 in Invocations
  1011 | D        | Noticed a two-headed ogre
  1037 | D        | Killed a two-headed ogre
  1037 | D        | Reached ***** piety under Okawaru
  1037 | D        | Reached skill level 10 in Fighting
  1054 | D        | Noticed a lindwurm
  1054 | D        | Noticed a sea snake
  1067 | D        | Killed a lindwurm
  1067 | D        | Reached XP level 10. HP: 29/68 MP: 12/14
  1077 | D        | Killed a sea snake
  1077 | D        | Received a gift from Okawaru
  1287 | D        | Noticed an orange demon
  1296 | D        | Killed an orange demon
  1296 | D        | Received a gift from Okawaru
  1331 | D        | Noticed a deep elf mage
  1345 | D        | Killed a deep elf mage
  1345 | D        | Reached skill level 10 in Armour
  1506 | D        | Noticed an orange demon
  1516 | D        | Killed an orange demon
  1555 | D        | Noticed a spriggan druid
  1570 | D        | Killed a spriggan druid
  1570 | D        | Reached XP level 11. HP: 75/76 MP: 14/17
  1583 | D        | Killed a shadow wraith
  1633 | D        | Noticed an emperor scorpion
  1681 | D        | Killed an emperor scorpion
  1748 | D        | Noticed a manticore
  1779 | D        | Killed a manticore
  1816 | D        | Received a gift from Okawaru
  1841 | D        | Noticed Gastronok
  1876 | D        | Noticed a sixfirhy
  1900 | D        | Killed a sixfirhy
  1938 | D        | Killed Gastronok
  1938 | D        | Received a gift from Okawaru
  1938 | D        | Reached skill level 10 in Invocations
  2187 | D        | Noticed a naga warrior
  2187 | D        | Noticed a naga ritualist
  2187 | D        | Noticed a naga warrior
  2187 | D        | Noticed a salamander
  2231 | D        | Killed a naga warrior
  2231 | D        | Reached skill level 15 in Fighting
  2247 | D        | Killed a naga warrior
  2247 | D        | Reached XP level 12. HP: 67/88 MP: 13/19
  2721 | D        | Noticed a yaktaur captain
  2737 | D        | Killed a yaktaur captain
  2753 | D        | Noticed a deep elf annihilator
  2810 | D        | Killed a deep elf annihilator
  3041 | D        | Received a gift from Okawaru
  3107 | D        | Noticed a centaur warrior
  3108 | D        | Noticed a daeva
  3115 | D        | Noticed an eight-headed hydra
  3141 | D        | Killed an eight-headed hydra
  3148 | D        | Killed a centaur warrior
  3177 | D        | HP: 2/136 [daeva/divine providence (12)]
  3181 | D        | Killed a daeva
  3778 | D        | Reached XP level 13. HP: 80/97 MP: 19/22
  4288 | D        | Noticed a dire elephant
  4288 | D        | Noticed a fire dragon
  4288 | D        | Noticed a nagaraja
  4349 | D        | Killed a fire dragon
  4349 | D        | Reached skill level 15 in Armour
  4487 | D        | Killed a dire elephant
  4563 | D        | Killed a nagaraja
  4572 | D        | Got the ring of Piwem {+Fly rN+}
  4578 | D        | Got the +9 whip "Geiwk" {freeze, SInv}
  4594 | D        | Learned a level 2 spell: Blink
  4680 | D        | Received a gift from Okawaru
  4686 | D        | Got a buzzing crystal plate armour {god gift}
  4701 | D        | Identified the +0 crystal plate armour "Ahisy" {*Corrode
                  | MR+ Dex+4 SInv} (Okawaru gifted it to you in the Dungeon)
  4968 | D        | Noticed an emperor scorpion
  4994 | D        | Killed an emperor scorpion
  5128 | D        | Noticed an emperor scorpion
  5155 | D        | Killed an emperor scorpion
  5155 | D        | Reached skill level 1 in Evocations
  5211 | D        | Noticed an orc warlord
  5211 | D        | Noticed an orc warlord
  5325 | D        | Killed an orc warlord
  5665 | D        | Received a gift from Okawaru
  5686 | D        | Gained mutation: Your large and strong wings let you fly
                  | indefinitely. [Gargoyle growth]
  5686 | D        | Reached XP level 14. HP: 91/108 MP: 20/23
  5788 | D        | Received a gift from Okawaru
  5844 | D        | Killed an orc warlord
  6161 | D        | Got a twisted lajatang {god gift}
  6508 | D        | Identified the +7 lajatang "Tentadonu" {freeze, Int+2}
                  | (Okawaru gifted it to you in the Dungeon)
  6953 | D        | Noticed a dire elephant
  6965 | D        | Killed a dire elephant
  7108 | D        | Noticed a purple draconian
  7190 | D        | Killed a purple draconian
  7190 | D        | Reached ****** piety under Okawaru
  7190 | D        | Received a gift from Okawaru
  7320 | D        | Noticed a sphinx
  7335 | D        | Noticed a sphinx
  7349 | D        | Noticed a deep elf demonologist
  7351 | D        | Paralysed by a sphinx for 3 turns
  7353 | D        | Noticed a lorocyproca
  7357 | D        | Paralysed by a sphinx for 6 turns
  7365 | D        | Killed a sphinx
  7389 | D        | Killed a sphinx
  7390 | D        | Noticed a cacodemon
  7397 | D        | Killed a deep elf demonologist
  7397 | D        | Reached skill level 5 in Dodging
  7495 | D        | Noticed a red draconian monk
  7517 | D        | Killed a red draconian monk
  7659 | D        | Noticed a black draconian stormcaller
  7672 | D        | Killed a black draconian stormcaller
  7672 | D        | Received a gift from Okawaru
  7710 | D        | Noticed a white draconian annihilator
  7737 | D        | Killed a white draconian annihilator
  7737 | D        | Reached XP level 15. HP: 69/119 MP: 25/25
  7913 | D        | Noticed a red draconian knight
  7923 | D        | Killed a red draconian knight
  7926 | D        | Noticed a deep elf sorcerer
  7937 | D        | Killed a deep elf sorcerer
  7960 | D        | Noticed a red draconian knight
  7985 | D        | Killed a red draconian knight
  8021 | D        | Reached skill level 5 in Evocations
  8057 | D        | Noticed a storm dragon
  8057 | D        | Noticed a ghost moth
  8096 | D        | Killed a ghost moth
  8106 | D        | Killed a storm dragon
  8219 | D        | Noticed an orc warlord
  8258 | D        | Killed an orc warlord
  8428 | D        | Noticed a nagaraja
  8431 | D        | Received a gift from Okawaru
  8460 | D        | Killed a nagaraja
  8529 | D        | Noticed a lich
  8532 | D        | Paralysed by a lich for 3 turns
  8540 | D        | Killed a lich
  8557 | D        | Got Icsabr Hysu's Reference Book on the Unholy Oath
  8568 | D        | Learned a level 3 spell: Stone Arrow
  8583 | D        | Got the Compendium of the Forest
  8594 | D        | Got the amulet "Hicut" {Reflect *Drain rElec rN+ MP+9 SH+5}
  8605 | D        | Got the amulet of Contention {RegenMP rN+ Str+6 Dex+2}
  8608 | D        | Got the ring "Eschu" {MR+ Slay+5}
  8613 | D        | Got the amulet "Jemat" {Spirit *Slow rPois Dex+4}
  8616 | D        | Got the amulet "Emiurriure" {MR++ Regen+}
  8619 | D        | Got the amulet "Mulug" {rF+ Regen+}
  8621 | D        | Got the amulet of Noimaah {RegenMP rC+}
  8634 | D        | Got the ring of Liegoal {rC+ Str+4 Dex+6 Slay+2}
  8639 | D        | Got the ring "Moitrof" {EV+6 Int+2}
  8641 | D        | Got the ring "Gairafru" {rC+ MR+ Slay+5}
  8644 | D        | Got the ring "Lonianon" {rF+ rC+ Int+6}
  8656 | D        | Got the ring "Moasoyto" {AC+6 Int+5}
  8658 | D        | Got the ring "Huazuschi" {rPois Int+7 Dex-3}
  8746 | D        | Noticed a ghost moth
  8765 | D        | Killed a ghost moth
  9014 | D        | Reached skill level 5 in Earth Magic
  9105 | D        | Reached skill level 15 in Invocations
  9263 | D        | Noticed a shadow dragon
  9304 | D        | Killed a shadow dragon
  9430 | D        | Identified the +4 short sword "Gudipt" {venom, rC+}
  9550 | D        | Reached XP level 16. HP: 111/129 MP: 27/27
  9575 | D        | Reached skill level 10 in Earth Magic
  9643 | D        | Received a gift from Okawaru
  9643 | D        | Reached skill level 10 in Dodging
  9651 | D        | Got a jewelled hat {god gift}
  9679 | D        | Identified the +2 hat "Imogy" {rN+ Str+9 Dex+2 Stlth-}
                  | (Okawaru gifted it to you in the Dungeon)
  9747 | D        | Reached skill level 10 in Evocations
  9876 | D        | Noticed a deep elf master archer
  9901 | D        | Killed a deep elf master archer
  9926 | D        | Noticed a Hell Sentinel
  9940 | D        | Killed a Hell Sentinel
  9940 | D        | Noticed Margery
 10144 | D        | Killed Margery
 10268 | D        | Noticed a deep elf master archer
 10275 | D        | Killed a deep elf master archer
 10275 | D        | Reached skill level 15 in Earth Magic
 10595 | D        | Received a gift from Okawaru
 10596 | D        | Got a pair of masterwork gloves {god gift}
 10617 | D        | Identified the +1 pair of gloves of the Lumpy Demons {rElec
                  | Str+2 Int-5} (Okawaru gifted it to you in the Dungeon)
 10742 | D        | Reached skill level 1 in Shields
 11096 | D        | Noticed an Ice Fiend
 11111 | D        | Killed an Ice Fiend
 11111 | D        | Reached skill level 5 in Shields
 11132 | D        | Noticed an Executioner
 11159 | D        | Noticed a sphinx
 11160 | D        | Noticed an Ice Fiend
 11162 | D        | Noticed Ignacio
 11184 | D        | Killed a sphinx
 11204 | D        | Killed Ignacio
 11204 | D        | Reached skill level 10 in Shields
 11204 | D        | Reached XP level 17. HP: 69/135 MP: 25/30
 11437 | D        | Received a gift from Okawaru
 11468 | D        | Killed an Executioner
 11563 | D        | Noticed a lich
 11568 | D        | Killed an Ice Fiend
 11575 | D        | Killed a lich
 11814 | D        | Noticed an acid blob
 11824 | D        | Killed an acid blob
 11824 | D        | Reached skill level 15 in Evocations
 11938 | D        | Noticed a tentacled monstrosity
 11945 | D        | Killed a tentacled monstrosity
 12008 | D        | Noticed Ziamahub the pandemonium lord
 12008 | D        | Noticed Boris
 12008 | D        | Noticed an Ice Fiend
 12021 | D        | Noticed a Killer Klown
 12033 | D        | Killed a Killer Klown
 12037 | D        | HP: 4/135 [Ziamahub the pandemonium lord (32)]
 12052 | D        | Killed an Ice Fiend
 12052 | D        | Reached skill level 15 in Shields
 12073 | D        | Killed Boris
 12098 | D        | Killed Ziamahub the pandemonium lord
 12098 | D        | Received a gift from Okawaru
 12476 | D        | Noticed a curse toe
 12508 | D        | Killed a curse toe
 12766 | D        | Reached XP level 18. HP: 141/141 MP: 31/31
 12779 | D        | Learned a level 5 spell: Lee's Rapid Deconstruction
 12781 | D        | Learned a level 1 spell: Summon Butterflies
 12847 | D        | Noticed a lich
 12862 | D        | Paralysed by a lich for 3 turns
 12883 | D        | Killed a lich
 13240 | D        | Noticed an orb of fire
 13260 | D        | Killed an orb of fire
 13717 | D        | Noticed a greater mummy
 13731 | D        | Killed a greater mummy
 13731 | D        | Received a gift from Okawaru
 13873 | D        | Noticed Mennas
 13873 | D        | Noticed a greater mummy
 13873 | D        | Noticed an orb of fire
 14128 | D        | Killed Mennas
 14150 | D        | Gained mutation: You are resistant to hostile enchantments.
                  | (MR+) [an orb of fire]
 14166 | D        | Killed an orb of fire
 14439 | D        | Killed a greater mummy
 14683 | D        | Noticed a quicksilver dragon
 14687 | D        | Killed a quicksilver dragon
 14699 | D        | Learned a level 5 spell: Bolt of Magma
 14713 | D        | Noticed a Brimstone Fiend
 14721 | D        | Killed a Brimstone Fiend
 14721 | D        | Received a gift from Okawaru
 14799 | D        | Noticed a lich
 14807 | D        | Killed a lich
 14812 | D        | Noticed a Brimstone Fiend
 14820 | D        | Killed a Brimstone Fiend
 14820 | D        | Reached XP level 19. HP: 124/148 MP: 33/33
 14893 | D        | Noticed the 27-headed Lernaean hydra
 14905 | D        | Killed the 27-headed Lernaean hydra
 15426 | D        | Noticed a lich
 15430 | D        | Noticed a bone dragon
 15470 | D        | Killed a lich
 15474 | D        | Received a gift from Okawaru
 15474 | D        | Reached skill level 15 in Dodging
 15488 | D        | Killed a bone dragon
 15861 | D        | Noticed an orb of fire
 15861 | D        | Noticed Jory
 15916 | D        | Killed an orb of fire
 15921 | D        | Received a gift from Okawaru
 15946 | D        | Killed Jory
 16284 | D        | Reached skill level 27 in Fighting
 16866 | D        | Received a gift from Okawaru
 16866 | D        | Reached skill level 1 in Unarmed Combat
 16866 | D        | Reached skill level 1 in Conjurations
 16866 | D        | Reached skill level 27 in Earth Magic
 16877 | D        | Noticed Quonkok the pandemonium lord
 16888 | D        | Noticed a greater mummy
 16893 | D        | Gained mutation: Your mind is acute. (Int +2) [a shining
                  | eye]
 16898 | D        | Killed Quonkok the pandemonium lord
 16898 | D        | Reached skill level 1 in Spellcasting
 16898 | D        | Reached skill level 1 in Summonings
 16898 | D        | Reached skill level 1 in Translocations
 16898 | D        | Reached skill level 1 in Fire Magic
 16914 | D        | Killed a greater mummy
 17196 | D        | Reached skill level 1 in Stealth
 17333 | D        | Found the +8 glaive of the Guard {elec, +Rage AC+5 SInv}
 17367 | D        | Reached XP level 20. HP: 136/157 MP: 35/35
 17544 | D        | Received a gift from Okawaru
 17614 | D        | Got the Disquisition on Talismans and Toxins
 17657 | D        | Got a silver rune of Zot
 17677 | D        | Got the ring "Ucec" {rElec rPois rCorr Stlth-}
 17749 | D        | Reached skill level 5 in Stealth
 17749 | D        | Reached skill level 27 in Evocations
 17843 | D        | Reached skill level 5 in Spellcasting
 17843 | D        | Reached skill level 5 in Fire Magic
 17874 | D        | Learned a level 2 spell: Swiftness
 17883 | D        | Noticed an orb of fire
 17883 | D        | Gained mutation: You occasionally shout uncontrollably at
                  | your foes. [an orb of fire]
 17905 | D        | Lost mutation: Your mind is acute. (Int +2) [an orb of
                  | fire]
 17909 | D        | Gained mutation: Armour fits poorly on your strangely
                  | shaped body. [an orb of fire]
 17910 | D        | Killed an orb of fire
 18071 | D        | Learned a level 5 spell: Borgnjor's Vile Clutch
 18078 | D        | Learned a level 6 spell: Iron Shot
 18083 | D        | Noticed an orb of fire
 18083 | D        | Noticed Zeukh the pandemonium lord
 18091 | D        | Gained mutation: You are dopey. (Int -2) [an orb of fire]
 18119 | D        | Gained mutation: You sometimes yell uncontrollably at your
                  | foes. [an orb of fire]
 18130 | D        | Killed an orb of fire
 18130 | D        | Reached skill level 5 in Translocations
 18150 | D        | Killed Zeukh the pandemonium lord
 18150 | D        | Reached skill level 10 in Charms
 18439 | D        | Noticed Mara
 18448 | D        | Noticed Cadaver's illusion
 18448 | D        | Killed Mara
 18448 | D        | Received a gift from Okawaru
 18451 | D        | Got an iridescent quarterstaff {god gift}
 18464 | D        | Reached skill level 10 in Translocations
 18624 | D        | Noticed Mnoleg
 18636 | D        | Gained mutation: Scrolls take you a little longer to read.
                  | [Mnoleg's mutagenic touch]
 18653 | D        | Killed Mnoleg
 18653 | D        | Reached skill level 15 in Spellcasting
 18653 | D        | Reached XP level 21. HP: 124/163 MP: 34/40
 18818 | D        | Learned a level 7 spell: Ring of Flames
 18946 | D        | Reached skill level 5 in Air Magic
 19054 | D        | Received a gift from Okawaru
 19054 | D        | Reached skill level 15 in Charms
 19061 | D        | Identified the +4 staff of Dispater
 19061 | D        | Noticed Dispater
 19061 | D        | Noticed a Killer Klown
 19096 | D        | Killed a Killer Klown
 19314 | D        | Killed Dispater
 19314 | D        | Reached skill level 10 in Fire Magic
 19557 | D        | Noticed Frederick
 19571 | D        | Killed Frederick
 20239 | D        | Reached skill level 5 in Unarmed Combat
 20497 | D        | Noticed Umoys the pandemonium lord
 20514 | D        | Killed Umoys the pandemonium lord
 20514 | D        | Received a gift from Okawaru
 20821 | D        | Reached skill level 15 in Fire Magic
 20987 | D        | Noticed Zamad the pandemonium lord
 21016 | D        | Killed Zamad the pandemonium lord
 21016 | D        | Reached XP level 22. HP: 151/169 MP: 40/45
 21173 | D        | Noticed a greater mummy
 21182 | D        | Killed a greater mummy
 21214 | D        | Noticed a golden dragon
 21225 | D        | Killed a golden dragon
 21225 | D        | Reached skill level 5 in Conjurations
 21384 | D        | Noticed Nikola
 21403 | D        | Identified the +4 dragonskin cloak
 21403 | D        | Noticed Tiamat
 21408 | D        | Killed Nikola
 21459 | D        | Killed Tiamat
 21459 | D        | Received a gift from Okawaru
 21459 | D        | Received a gift from Okawaru
 21643 | D        | Noticed Khufu
 21654 | D        | Killed Khufu
 21682 | D        | Noticed an orb of fire
 21694 | D        | Killed an orb of fire
 21694 | D        | Received a gift from Okawaru
 21837 | D        | Noticed Fivuilao the pandemonium lord
 21846 | D        | Killed Fivuilao the pandemonium lord
 21939 | D        | Received a gift from Okawaru
 21979 | D        | Noticed a greater mummy
 21990 | D        | Killed a greater mummy
 21990 | D        | Received a gift from Okawaru
 22160 | D        | Noticed Inogyjima the pandemonium lord
 22189 | D        | Killed Inogyjima the pandemonium lord
 22189 | D        | Reached XP level 23. HP: 163/175 MP: 50/50
 22204 | D        | Noticed an orb of fire
 22205 | D        | Gained mutation: You are frail. (-10% HP) [an orb of fire]
 22221 | D        | Killed an orb of fire
 22221 | D        | Reached skill level 5 in Throwing
 22228 | D        | Noticed Soub the pandemonium lord
 22228 | D        | Noticed Xivarhor the pandemonium lord
 22228 | D        | Noticed an orb of fire
 22234 | D        | Killed Soub the pandemonium lord
 22235 | D        | Gained mutation: Your spells are a little easier to cast,
                  | but a little less powerful. [an orb of fire]
 22255 | D        | Killed an orb of fire
 22263 | D        | Killed Xivarhor the pandemonium lord
 22269 | D        | Received a gift from Okawaru
 22479 | D        | Got an iron rune of Zot
 22491 | D        | Got the amulet "Muwk" {Acrobat Fragile rElec Int+4 Dex+6}
 22681 | D        | Noticed Louise
 22697 | D        | Killed Louise
 22743 | D        | Got the Orb of Zot
 22811 | D        | Noticed Iptiur the pandemonium lord
 22822 | D        | Killed Iptiur the pandemonium lord
 22851 | D        | Escaped with the Orb!

Illustrated notes

Levels and vault maps discovered:
D:        pitsprint [storerooms_1, entrance_room_1, metal_vault_5, armoury_1,
          mini_pit_1, grid_room_1, main_hall_1, silver_pit, the_coven_1,
          the_vestibule_1, steel_vault_4, golden_pit, hallway_of_sentries,
          crystal_vault_2, iron_vault_5, final_vault]

Skill      XL: |  1  2  3  4  5  6  7  8  9 10 11 12 13 14 15 16 17 18 19 20 21 22 23 |
---------------+----------------------------------------------------------------------+-----
Fighting       | 4 5 6 7 8 10 12 15 18 20 23 25 26 27 | 27.0
Staves         | 8 9 11 13 14 15 17 18 19 20 22 23 25 | 25.9
Armour         | 1 2 3 4 6 8 11 13 14 16 19 20 22 23 25 26 | 26.0
Invocations    | 1 2 3 4 6 8 10 12 13 14 15 18 19 21 | 21.6
Evocations     | 2 3 9 14 16 19 23 27 | 27.0
Dodging        | 6 9 12 14 19 20 24 | 24.0
Earth Magic    | 9 18 20 23 27 | 27.0
Shields        | 10 19 23 26 | 26.1
Unarmed Combat | 2 9 |  9.1
Conjurations   | 2 4 7 8 |  8.1
Spellcasting   | 2 15 19 23 25 | 25.2
Summonings     | 1 2 3 |  3.0
Translocations | 1 12 | 12.6
Fire Magic     | 1 6 16 21 22 | 22.2
Throwing       | 2 3 4 5 |  5.6
Stealth        | 1 6 7 |  7.9
Charms         | 13 19 23 | 23.2
Air Magic      | 9 |  9.1

Action                   |  1- 3 |  4- 6 |  7- 9 | 10-12 | 13-15 | 16-18 | 19-21 | 22-24 || total
-------------------------+-------+-------+-------+-------+-------+-------+-------+-------++-------
Melee: Quarterstaff      |     9 |    52 |    86 |   392 |   349 |       |       |       ||   888
       Lajatang          |       |       |       |       |   288 |    75 |       |       ||   363
       Staff             |       |       |       |       |       |   556 |   682 |   359 ||  1597
Throw: Throwing net      |       |       |     3 |     3 |       |       |       |       ||     6
       Javelin           |       |       |       |     7 |       |       |       |       ||     7
       Boomerang         |       |       |       |       |       |     1 |     1 |       ||     2
 Cast: Iron Shot         |       |       |       |       |       |       |     1 |       ||     1
       Ring of Flames    |       |       |       |       |       |       |       |     2 ||     2
Invok: Heroism           |       |     5 |     9 |    21 |    38 |    44 |    20 |     3 ||   140
       Finesse           |       |       |       |     1 |       |     4 |     6 |     9 ||    20
 Abil: Fly               |       |       |       |       |     1 |       |       |       ||     1
Evoke: Tin of tremorston |       |       |       |       |     8 |     6 |     4 |       ||    18
       Phial of floods   |       |       |       |       |       |     2 |     1 |       ||     3
       Box of beasts     |       |       |       |       |       |     2 |       |       ||     2
  Use: Potion            |       |       |       |     5 |    10 |    15 |    10 |       ||    40
       Scroll            |       |       |       |       |     9 |     6 |     2 |       ||    17
 Stab: Held in net/web   |       |       |     4 |       |       |       |       |       ||     4
       Invisible         |       |       |       |     3 |     5 |       |       |       ||     8
  Eat: Chunk             |       |       |       |     5 |    13 |    10 |     4 |     3 ||    35
       Ration            |       |       |       |     1 |     2 |     2 |     5 |     1 ||    11
Armor: Leather armour    |     7 |     2 |       |       |       |       |       |       ||     9
       Chain mail        |       |    14 |    11 |    58 |    64 |       |       |       ||   147
       Plate armour      |       |       |    57 |   232 |       |       |       |       ||   289
       Crystal plate arm |       |       |       |       |   201 |       |       |       ||   201
       Gold dragon scale |       |       |       |       |   344 |   295 |   162 |    64 ||   865
Dodge: Dodged            |    12 |    17 |    28 |   154 |   253 |   272 |   240 |    98 ||  1074
Block: Kite shield       |       |       |       |       |       |   319 |   387 |   134 ||   840
       Reflection        |       |       |       |       |       |     7 |    15 |     5 ||    27
